 Dungeon Crawl Stone Soup version 0.30.1-4-g462c640d31 (webtiles) character file.

Game seed: 6335873079065799903

10063 GeoRichter the Fighter (level 11, 0/102 HPs)
             Began as a Grey Draconian Fire Elementalist on Aug 16, 2023.
             Was an Elder of Sif Muna.
             Slain by a wyvern (13 damage)
             ... on level 1 of the Lair of Beasts.
             The game lasted 00:16:53 (10404 turns).

GeoRichter the Fighter (DrFE)                      Turns: 10404, Time: 00:16:54

Health: 0/102      AC: 14    Str: 11    XL:     11   Next: 31%
Magic:  6/21       EV: 12    Int: 19    God:    Sif Muna [****..]
Gold:   162        SH:  0    Dex: 12    Spells: 16/24 levels left

rFire   . . .        t - +9 club
rCold   . . .        (no shield)
rNeg    + . .        (body armour unavailable)
rPois   .            (helmet restricted)
rElec   .            r - +0 cloak
rCorr   .            L - +0 pair of gloves
SInv    .            (no boots)
Will    +....        b - amulet of magic regeneration
Stlth   ++           B - ring of positive energy
HPRegen 0.37/turn    J - ring of willpower
MPRegen 0.57/turn

%: no passive effects
@: no status effects
A: AC +12, amphibious, unfitting armour, cold-blooded
a: Renounce Religion, Channel Magic, Forget Spell, Divine Exegesis


You were on level 1 of the Lair of Beasts.
You worshipped Sif Muna.
Sif Muna was greatly pleased with you.
You visited 2 branches of the dungeon, and saw 11 of its levels.

You collected 646 gold pieces.
You spent 484 gold pieces at shops.

Inventory:

Hand Weapons
 t - a +9 club (weapon)
   (You took it off Ijyb on level 3 of the Dungeon)
 C - the +8 hand axe "Ittafivi" {pain, rN++ Str-5 Int+5}
   (You found it on level 6 of the Dungeon)

   Str:       It affects your strength (-5).
   Int:       It affects your intelligence (+5).
   rN:        It greatly protects you from negative energy.
Missiles
 i - 2 throwing nets {!f}
Armour
 r - a +0 cloak (worn)
   (You found it on level 3 of the Dungeon)
 L - a +0 pair of gloves (worn)
   (You found it on level 10 of the Dungeon)
Jewellery
 b - an amulet of magic regeneration (around neck)
   (You found it on level 1 of the Dungeon)
 B - a ring of positive energy (left hand)
   (You found it on level 6 of the Dungeon)
 J - a ring of willpower (right hand)
   (You found it on level 10 of the Dungeon)
 K - a ring of ice
   (You found it on level 9 of the Dungeon)
Wands
 h - a wand of charming (21)
   (You found it on level 6 of the Dungeon)
 l - a wand of light (17)
   (You found it on level 3 of the Dungeon)
 p - a wand of digging (2)
   (You took it off Sigmund on level 3 of the Dungeon)
 s - a wand of flame (59)
   (You took it off Ijyb on level 3 of the Dungeon)
 I - a wand of iceblast (6)
   (You found it on level 8 of the Dungeon)
 N - a wand of mindburst (6)
   (You found it on level 10 of the Dungeon)
Scrolls
 c - 4 scrolls of poison {!r}
 d - 2 scrolls of vulnerability {!r}
 f - a scroll of fear {unknown}
 n - a scroll of blinking
 q - a scroll of fog {unknown}
 u - 2 scrolls of teleportation {@r4}
 v - 2 scrolls of silence {unknown}
 y - 2 scrolls of enchant weapon
 z - a scroll of noise {unknown}
 E - a scroll of butterflies {unknown}
 H - a scroll of enchant armour {unknown}
 M - 2 scrolls of identify {@r1}
Potions
 a - a potion of magic
 e - 2 potions of lignification {unknown}
 g - 2 potions of heal wounds {unknown}
 j - 4 potions of flight
 k - a potion of curing {@q1}
 m - 2 potions of degeneration {unknown}
 o - a potion of haste {@q3}
 w - 3 potions of mutation {unknown}
 x - a potion of brilliance {unknown}
 A - 4 potions of attraction {unknown}
 D - a potion of cancellation {unknown}
 F - a potion of resistance {unknown}
 G - a potion of experience {unknown}


   Skills:
 - Level 11.0 Fighting
 - Level 1.7 Dodging
 - Level 1.7 Stealth
 + Level 7.2 Spellcasting
 * Level 10.0 Conjurations
 - Level 8.0 Fire Magic
 - Level 3.0 Evocations


You had 16 spell levels left.
You knew the following spells:

 Your Spells              Type           Power      Damage    Failure   Level
a - Foxfire               Conj/Fire      100%       2x1d9     1%          1
b - Scorch                Fire           74%        2d8       1%          2
c - Fireball              Conj/Fire      20%        3d10      7%          5

Your spell library contained the following spells:

 Spells                   Type           Power      Damage    Failure   Level
 Flame Wave               Conj/Fire      41%        2d11      2%          4
 Inner Flame              Hex/Fire       22%        N/A       6%          3
 Volatile Blastmotes      Fire/Tloc      44%        2d13      6%          3
 Sublimation of Blood     Necr           6%         N/A       16%         2
 Wereblood                Tmut           6%         N/A       16%         2
 Call Canine Familiar     Summ           6%         N/A       30%         3
 Portal Projectile        Hex/Tloc       12%        N/A       30%         3
 Starburst                Conj/Fire      20%        6d7       36%         6
 Leda's Liquefaction      Hex/Erth       3%         N/A       69%         4
 Plasma Beam              Fire/Air       11%        2x1d24    96%         6
 Malign Gateway           Summ/Tloc      3%         N/A       100%        7
 Summon Hydra             Summ           3%         N/A       100%        7
 Summon Horrible Things   Summ           3%         N/A       100%        8


Dungeon Overview and Level Annotations

Branches:
Dungeon (10/15) Zot: 25841  Temple (0/1) D:6            Lair (1/5) D:10 Zot: 5929
    Orc (0/2) D:9

Altars:
Cheibriados
Dithmenos
Gozag
Makhleb
Nemelex Xobeh
Ru
Sif Muna
Vehumet
Yredelemnul

Shops:
D:8 :

Annotations:
D:3 3 runed translucent doors, lasso's ghost, weakling GnSu
D:4 Duvessa
D:10 exclusions: ice statue and obsidian statue


Innate Abilities, Weirdness & Mutations

Your dull iron-grey scales are very hard. (AC +12)
You are amphibious.
You cannot fit into any form of body armour.
You are cold-blooded and may be slowed by cold attacks.


Message History

You hear an angry hiss.
The black mamba bites you.
* * * LOW HITPOINT WARNING * * *
You are more poisoned.
The black mamba poisons you! The black mamba closely misses you.
Casting: Scorch (safe; 1% risk of failure)
Confirm with . or Enter, or press ? or * to list all spells.
Flames lash the blink frog.
The blink frog is heavily wounded.
The blink frog's fire resistance burns away.
You feel very sick. The black mamba bites you!
* * * LOW HITPOINT WARNING * * *
You are lethally poisoned!
The black mamba poisons you!
The blink frog blinks!
The black mamba closely misses you.
Casting: Scorch (safe; 1% risk of failure)
Confirm with . or Enter, or press ? or * to list all spells.
Flames lash the black mamba.
The black mamba is burned terribly!
The black mamba is almost dead.
* * * LOW HITPOINT WARNING * * *
You feel extremely sick. The black mamba barely misses you.
Casting: Scorch (safe; 1% risk of failure)
Confirm with . or Enter, or press ? or * to list all spells.
Flames lash the black mamba.
The black mamba is burned terribly!
You kill the black mamba!
Sif Muna accepts your kill.
* * * LOW HITPOINT WARNING * * *
You feel extremely sick.
Your Conjurations skill increases to level 10!
You feel better. The blink frog hits you.
* * * LOW HITPOINT WARNING * * *
The blink frog blinks!
Aiming: Bolt of Light
Press: ? - help, Shift-Dir - straight line, f - blink frog
Aim: a blink frog (heavily wounded, 54% to hit)
The bolt of light misses the blink frog.
A wyvern comes into view.
Aiming: Bolt of Light
Press: ? - help, Shift-Dir - straight line, f/p - blink frog
Aim: a blink frog (heavily wounded, 54% to hit)
The bolt of light hits the wyvern!
The wyvern is heavily wounded.
The wyvern hisses angrily.
The wyvern is blinded.
The bolt of light hits the blink frog!
You kill the blink frog!
Sif Muna accepts your kill. The wyvern bites you!
You die...

. #. ##...~# .. ##
#..^.##....##
...######P##.#...?#.....##
.F.............#.#.#.P...#
..F$............####....#.#
...............# ##.##.##
#..## .†# #.## ## #§..##.#
#####.P# #..##@# #......#
#..#l## #....###
#.#.#.######...##
#.....F.......#
.....†..........##
............#..##
#..##P########## ### ##


You could see a wyvern (blind).

Vanquished Creatures
  A boulder beetle (D:9)
  2 two-headed ogres (D:10)
  A black mamba (Lair:1)
  Maggie (D:8)
  A kobold demonologist (D:9)
  An unseen horror (D:6)
  A troll (D:9)
  A hornet (D:8)
  2 blink frogs (Lair:1)
  Sigmund (D:3)
  A shadow (D:10)
  9 yaks (D:8)
  A wyvern (D:10)
  A wraith (D:8)
  A steam dragon (D:6)
  2 acid dragons
  3 ice beasts
  A sky beast (D:6)
  5 orc warriors
  3 black bears
  An ogre (D:5)
  3 centaurs
  2 phantoms
  3 kobold brigands
  2 bullfrogs
  3 scorpions
  15 wights
  10 killer bees
  A howler monkey (D:8)
  2 hounds
  A jelly (D:6)
  7 orc priests
  4 sleepcaps
  Jessica (D:3)
  2 iguanas
  Ijyb (D:3)
  Natasha (twice) (D:4)
  7 orc wizards
  6 gnolls (D:3)
  5 adders
  3 white imps
  2 ufetubi (D:6)
  4 worms
  3 dart slugs
  30 orcs
  13 endoplasms
  3 giant cockroaches
  10 goblins
  3 hobgoblins
  7 jackals
  4 quokkas
  8 ball pythons
  6 bats
  3 frilled lizards
  24 kobolds
  7 rats
247 creatures vanquished.

Vanquished Creatures (others)
  425 foxfires
425 creatures vanquished.

Grand Total: 672 creatures vanquished

Notes
Turn   | Place    | Note
-------+----------+-------------------------------------------
     0 | D:1      | GeoRichter the Draconian Fire Elementalist began the quest
                  | for the Orb.
     0 | D:1      | Reached XP level 1. HP: 14/14 MP: 3/3
   193 | D:1      | Reached XP level 2. HP: 16/20 MP: 3/5
   212 | D:1      | Found a faded altar of an unknown god.
   541 | D:1      | Reached XP level 3. HP: 26/26 MP: 3/6
   741 | D:2      | Learned a level 2 spell: Scorch
  1188 | D:3      | Reached XP level 4. HP: 33/33 MP: 5/8
  1248 | D:3      | Reached skill level 5 in Fire Magic
  1251 | D:3      | Reached XP level 5. HP: 26/38 MP: 2/9
  1311 | D:3      | Noticed Jessica
  1316 | D:3      | Killed Jessica
  1328 | D:3      | Noticed Sigmund
  1432 | D:3      | Killed Sigmund
  1433 | D:3      | Reached XP level 6. HP: 36/45 MP: 5/11
  1527 | D:3      | Found a runed translucent gate.
  1528 | D:3      | Found a runed translucent gate.
  1529 | D:3      | Found a runed translucent gate.
  1540 | D:3      | Noticed lasso's ghost (weakling GnSu)
  1752 | D:3      | Noticed Ijyb
  1760 | D:3      | Killed Ijyb
  2391 | D:4      | Your scales start taking on a dull iron-grey colour.
  2391 | D:4      | Reached XP level 7. HP: 50/50 MP: 7/13
  2758 | D:4      | Noticed Duvessa
  2865 | D:4      | Found a burning altar of Makhleb.
  2909 | D:4      | Noticed Natasha
  2918 | D:4      | Killed Natasha
  2919 | D:4      | Reached skill level 5 in Spellcasting
  3016 | D:4      | Noticed Natasha
  3020 | D:4      | Killed Natasha
  3213 | D:4      | Reached skill level 1 in Fighting
  3722 | D:5      | Entered Level 5 of the Dungeon
  3736 | D:5      | Reached skill level 2 in Fighting
  3736 | D:5      | Reached skill level 1 in Evocations
  3736 | D:5      | Reached XP level 8. HP: 47/61 MP: 5/15
  3793 | D:5      | Found a shimmering blue altar of Sif Muna.
  3899 | D:5      | Reached skill level 3 in Fighting
  3925 | D:5      | Became a worshipper of Sif Muna the Loreminder
  3955 | D:5      | Identified the +7 war axe of Stickiness {antimagic, Fly
                  | rF++ rC- Dex+2}
  4122 | D:5      | Reached skill level 4 in Fighting
  4331 | D:5      | Reached skill level 5 in Fighting
  4394 | D:5      | Reached skill level 6 in Fighting
  4435 | D:5      | Identified the +6 battleaxe "Toraonah" {flame, rElec}
  4632 | D:6      | Reached * piety under Sif Muna
  4848 | D:6      | Found a staircase to the Ecumenical Temple.
  5065 | D:6      | Found a large runed translucent door.
  5066 | D:6      | Found a large runed translucent door.
  5116 | D:6      | Found a sparkling altar of Nemelex Xobeh.
  5214 | D:6      | Reached XP level 9. HP: 78/78 MP: 11/16
  5217 | D:6      | Identified the +8 hand axe "Ittafivi" {pain, rN++ Str-5
                  | Int+5}
  5349 | D:6      | Found a shadowy altar of Dithmenos.
  5354 | D:6      | Reached skill level 7 in Fighting
  5542 | D:6      | Found a radiant altar of Vehumet.
  5681 | D:6      | Killed an unseen horror
  5781 | D:6      | Found a snail-covered altar of Cheibriados.
  5785 | D:6      | Reached skill level 8 in Fighting
  6236 | D:7      | Found a basalt altar of Yredelemnul.
  6499 | D:7      | Identified the +2 whip of Punishment {flame, Will++ MP+9
                  | Int-3}
  6942 | D:8      | Reached skill level 9 in Fighting
  6990 | D:8      | Reached skill level 5 in Conjurations
  7018 | D:8      | Reached skill level 10 in Fighting
  7022 | D:8      | Reached XP level 10. HP: 79/93 MP: 2/17
  7047 | D:8      | Reached ** piety under Sif Muna
  7362 | D:8      | Noticed Maggie
  7374 | D:8      | Killed Maggie
  7515 | D:8      | Found Xunuo's Book Boutique.
  7826 | D:8      | Found an opulent altar of Gozag.
  7850 | D:8      | Reached skill level 11 in Fighting
  8023 | D:9      | Found a staircase to the Orcish Mines.
  8356 | D:9      | Found a sacrificial altar of Ru.
  8511 | D:9      | Noticed a boulder beetle
  8531 | D:9      | Killed a boulder beetle
  8653 | D:8      | Bought a book of Fire for 484 gold pieces
  8659 | D:8      | Learned a level 5 spell: Fireball
  8741 | D:9      | Reached *** piety under Sif Muna
  9176 | D:10     | Entered Level 10 of the Dungeon
  9176 | D:10     | Noticed a two-headed ogre
  9342 | D:10     | Killed a two-headed ogre
  9343 | D:10     | Reached XP level 11. HP: 102/102 MP: 15/20
  9911 | D:10     | Noticed a two-headed ogre
  9920 | D:10     | Killed a two-headed ogre
  9930 | D:10     | Noticed an obsidian statue
 10017 | D:10     | Found a staircase to the Lair.
 10054 | D:10     | Reached **** piety under Sif Muna
 10334 | Lair:1   | Entered Level 1 of the Lair of Beasts
 10402 | Lair:1   | Reached skill level 10 in Conjurations
 10404 | Lair:1   | Slain by a wyvern

Illustrated notes

Levels and vault maps discovered:
D:1:      dpeg_arrival_erosion, layout_basic, ebering_ecumenical_altar_rust
D:2:      layout_rooms, minivault_14
D:3:      layout_basic, gammafunk_ghost_necromancy, dreamdust_wishing_well,
          corexii_hall_statues_x, uniq_ijyb, uniq_sigmund, uniq_jessica
D:4:      layout_loops_corners, lemuel_crystal_altar, uniq_duvessa, uniq_natasha
D:5:      layout_loops_cross, nicolae_overflow_hidden_temple
D:6:      nicolae_cairo_tiling_very_big, layout_loops_corners,
          mainiacjoe_overflow_24_doors, grunt_dithmenos_shadows,
          jmf_multi_god_temple2
D:7:      layout_basic, yredelemnul_altar_generic, hangedman_decor_opposing
D:8:      layout_cave_pods, lemuel_doored_altar, serial_shops, shop, uniq_maggie
D:9:      layout_gridville, hangedman_ru_absence, orc_0_dummy,
          mumra_transporter_accident
D:10:     layout_loops_ring, lair_entry_dummy, david_greed
Lair:1:   layout_concentric_octagons, cheibrodos_lair_caveside_slide,
          grunt_megastairs_2, uniq_gastronok

Skill      XL: |  1  2  3  4  5  6  7  8  9 10 11 |
---------------+----------------------------------+-----
Fire Magic     | 4 5 6 8 |  8.0
Spellcasting   | 3 4 5 6 7 |  7.2
Fighting       | 2 6 10 11 | 11.0
Evocations     | 1 3 |  3.0
Conjurations   | 2 5 9 10 | 10.0
Dodging        | |  1.7
Stealth        | |  1.7

Action                     |  1- 3 |  4- 6 |  7- 9 | 10-12 || total
---------------------------+-------+-------+-------+-------++-------
  Melee: Unarmed           |     2 |       |       |       ||     2
         Tailslap          |     2 |       |     5 |     4 ||    11
         Trident           |     5 |     5 |       |       ||    10
         Club              |       |       |    24 |    21 ||    45
         Punch             |       |       |     1 |       ||     1
   Cast: Foxfire           |    83 |    57 |    52 |    60 ||   252
         Scorch            |       |    24 |   177 |   187 ||   388
  Evoke: Wand              |       |     4 |     2 |    16 ||    22
    Use: Scroll            |       |     3 |     5 |     1 ||     9
         Potion            |       |       |       |     1 ||     1
   Stab: Sleeping          |     1 |       |       |       ||     1
 Armour: Skin              |     6 |     3 |    66 |    78 ||   153
  Dodge: Dodged            |    18 |     8 |    68 |   155 ||   249
